 Dungeon Crawl Stone Soup version 0.24-a0-284-g9fb9971 (webtiles) character file.

Game seed: 12285453322755697844

37828 Anon1729 the Nimble (level 13, -3/99 HPs)
             Began as a Vampire Monk on May 5, 2019.
             Was a High Priest of Okawaru.
             Slain by a death yak (29 damage)
             ... on level 4 of the Lair of Beasts.
             The game lasted 01:09:37 (26460 turns).

Anon1729 the Nimble (Vampire Monk)                 Turns: 26460, Time: 01:09:37

Health: -3/99      AC:  0    Str: 10    XL:     13   Next: 60%
Magic:  4/18       EV: 36    Int: 14    God:    Okawaru [*****.]
Gold:   1014       SH:  0    Dex: 25    Spells: 15/19 levels left

rFire    . . .     SeeInvis +   (weapon currently unavailable)
rCold    . . .     Gourm    .   (shield currently unavailable)
rNeg     + . .     Faith    .   (armour currently unavailable)
rPois    .         Spirit   .   (helmet currently unavailable)
rElec    .         Reflect  .   (cloak currently unavailable)
rCorr    .         Harm     .   (gloves currently unavailable)
MR       +....                  (boots currently unavailable)
Stlth    ++++++++..             z - amulet of rage
HPRegen  0.26/turn              (ring currently unavailable)
MPRegen  0.16/turn              (ring currently unavailable)

@: bat-form, flying, very quick
A: tiny, fangs 3, see invisible
a: End Transformation, Heroism, Finesse, Renounce Religion, Evoke Berserk Rage


You were on level 4 of the Lair of Beasts.
You worshipped Okawaru.
Okawaru was extremely pleased with you.
You were not thirsty.
You were in vampire-bat-form.
You visited 3 branches of the dungeon, and saw 17 of its levels.
You also visited: Sewer and Gauntlet.

You collected 1014 gold pieces.

Inventory:

Hand Weapons
 V - a +1 scimitar of flaming
 X - a +1 great sword of draining (melded)
Missiles
 D - a throwing net
 K - 6 silver javelins (quivered)
Armour
 A - a +2 cloak of magic resistance
 B - a +2 robe of magic resistance (melded)
 M - a scarf of spirit shield (melded)
 Q - a +0 pair of boots of stealth (melded)
 W - a +1 pair of gloves (melded)
Jewellery
 d - an uncursed amulet of faith
 e - a ring of protection from magic (melded)
 z - an amulet of rage (around neck)
 O - the amulet "Jiudd" {Gourm rN+ Dex+2}
   (You found it in a Gauntlet)

   [amulet of the gourmand]

   It allows you to eat raw meat even when not hungry.
   It affects your dexterity (+2).
   It protects you from negative energy.
Wands
 b - a wand of acid (10)
 w - a wand of disintegration (15)
 x - a wand of clouds (1)
 J - a wand of scattershot (6)
 R - a wand of enslavement (4)
 T - a wand of digging (4)
 U - a wand of flame (10)
 Y - a wand of iceblast (6)
Scrolls
 a - 2 scrolls of amnesia {unknown}
 f - 3 scrolls of immolation
 g - 11 scrolls of teleportation
 i - 14 scrolls of remove curse
 j - 3 scrolls of blinking
 n - a scroll of fog {unknown}
 s - 6 scrolls of fear
 y - a scroll of vulnerability {unknown}
 C - a scroll of magic mapping
 E - 4 scrolls of enchant weapon {unknown}
 F - a scroll of summoning {unknown}
 H - a scroll of identify
 L - 2 scrolls of torment {unknown}
 N - a scroll of enchant armour {unknown}
Potions
 c - 3 potions of mutation {unknown}
 h - 4 potions of brilliance
 k - 2 potions of curing
 l - 2 potions of invisibility
 m - 3 potions of flight
 o - 3 potions of degeneration {unknown}
 p - a potion of berserk rage
 q - 31 potions of blood
 r - a potion of haste
 t - 2 potions of heal wounds
 u - a potion of ambrosia {unknown}
 v - a potion of magic {unknown}
 Z - a potion of lignification {unknown}
Miscellaneous
 G - a phial of floods
 S - a box of beasts


   Skills:
 + Level 8.5 Fighting
 * Level 12.4 Long Blades
 * Level 13.4 Dodging
 + Level 13.3 Stealth
 + Level 3.8 Spellcasting
 + Level 4.1 Summonings
 + Level 3.5 Translocations
 + Level 7.1 Invocations


You had 15 spell levels left.
You knew the following spells:

 Your Spells              Type           Power        Failure   Level  Hunger
a - Blink                 Tloc           N/A          7%          2    ##.....
b - Call Imp              Summ           ##......     5%          2    ##.....

Your spell library contained the following spells:

 Spells                   Type           Power        Failure   Level  Hunger
 Recall                   Summ/Tloc      N/A          12%         3    ###....
 Gell's Gravitas          Tloc           ##........   14%         3    ###....
 Confusing Touch          Hex            #.....       21%         1    None
 Corona                   Hex            #......      21%         1    None
 Flame Tongue             Conj/Fire      #....        21%         1    None
 Magic Dart               Conj           #...         21%         1    None
 Shock                    Conj/Air       #...         21%         1    None
 Ensorcelled Hibernation  Hex/Ice        #.....       30%         2    ##.....
 Passwall                 Tmut/Erth      #.......     30%         2    ##.....
 Poisonous Vapours        Pois/Air       #.....       30%         2    ##.....
 Slow                     Hex            #.......     30%         2    ##.....
 Throw Flame              Conj/Fire      #.....       30%         2    ##.....
 Confuse                  Hex            #.......     52%         3    ###....
 Conjure Flame            Conj/Fire      #.......     52%         3    ###....
 Dazzling Spray           Conj/Hex       #.....       52%         3    ###....
 Inner Flame              Hex/Fire       #.......     52%         3    ###....
 Mephitic Cloud           Conj/Pois/Air  #.......     52%         3    ###....
 Tukima's Dance           Hex            #.......     52%         3    ###....
 Aura of Abjuration       Summ           ##........   69%         5    ######.
 Summon Demon             Summ           ##........   69%         5    ######.
 Summon Forest            Summ/Tloc      ##........   75%         5    ######.
 Petrify                  Tmut/Erth      #.......     89%         4    ####...
 Sticky Flame             Conj/Fire      #.......     89%         4    ####...
 Summon Mana Viper        Hex/Summ       #.......     93%         5    ######.
 Fireball                 Conj/Fire      #.........   99%         5    ######.
 Metabolic Englaciation   Hex/Ice        #.........   99%         5    ######.
 Silence                  Hex/Air        #.........   99%         5    ######.
 Yara's Violent Unravell  Hex/Tmut       #.........   99%         5    ######.
 Shadow Creatures         Summ           N/A          99%         6    #######
 Iron Shot                Conj/Erth      #.........   100%        6    #######


Dungeon Overview and Level Annotations

Branches:
Dungeon (11/15)            Temple (1/1) D:6            Lair (5/6) D:11
  Swamp (0/4) Lair:4        Snake (0/4) Lair:2        Slime (0/5) Lair:5
    Orc (0/2) D:10

Altars:
Ashenzari
Cheibriados
Dithmenos
Elyvilon
Fedhas
Gozag
Hepliaklqana
Kikubaaqudgha
Makhleb
Nemelex Xobeh
Okawaru
Ru
Sif Muna
Trog
Wu Jian
Xom
Yredelemnul

Annotations:
D:11 1 runed translucent door
Lair:1 Sonja
Lair:4 exclusion: 4 oklob plants
Lair:5 exclusion: oklob plant


Innate Abilities, Weirdness & Mutations

You have razor-sharp teeth.
You have supernaturally acute eyesight. (SInv)
((You can survive without breathing.))


Message History

The yak completely misses the fungus.
There is a stone staircase leading up here.
The death yak gores you!!
The yak gores the fungus!
The yak gores the fungus.
The death yak gores you!
You climb upwards.
Level annotation: exclusion: 4 oklob plants
There is a stone staircase leading down here.
The death yak gores you!!
* * * LOW HITPOINT WARNING * * *
You turn into a vampire bat.
Your +1 great sword of draining melds into your body.
Your scarf of spirit shield melds into your body.
Your +1 pair of gloves melds into your body.
Your +0 pair of boots of stealth melds into your body.
Your +2 robe of magic resistance melds into your body.
Your ring of protection from magic melds into your body.
You feel strangely alone.
You feel less stealthy.
You feel less resistant to hostile enchantments.
The death yak gores you!!
You die...

#...#............#...###
#...#..#P...#.P..P.PPP.##
#...........#......P.PPP##
#...........#..P.P....P.P###
#.##...###.........P...P.#.#
####...# #...............P.#
##..####....P.........(P.#
#....P#..#.............P##
###>......YbP.......)%PP#
###..#..#..........PP##
#####
######.##......P...PP.#
##.#.###.#
#..###...P....PP###
#....##.## #...#..P..P.PP###
.......#.###..###..P######
.......#..P#.#.##P.##
#..._.........###..#######
...........#..P#P...##...##


You could see a death yak.

Vanquished Creatures
  An ice dragon (shapeshifter) (Gauntlet)
  Erica (Lair:1)
  A two-headed ogre (D:10)
  12 death yaks (Lair:4)
  A glowing orange brain (shapeshifter) (Gauntlet)
  An unseen horror (D:11)
  Pikel (D:7)
  A wolf spider (Lair:4)
  A cyclops (D:11)
  5 black mambas
  Joseph (Lair:1)
  A gargoyle (D:10)
  7 spiny frogs
  A centaur skeleton (D:10)
  5 komodo dragons
  A troll (D:10)
  A hornet (Lair:4)
  12 blink frogs
  7 dream sheep (Lair:4)
  Prince Ribbit (Lair:1)
  9 hippogriffs
  37 yaks
  A vampire (D:10)
  A wyvern (D:8)
  A spriggan (D:10)
  3 basilisks
  A hungry ghost (D:7)
  A soldier ant (D:11)
  3 porcupines
  A water moccasin (Lair:5)
  Duvessa (D:7)
  6 orc warriors
  3 ice beasts
  2 sky beasts
  4 slaves (D:7)
  7 ogres
  2 phantoms
  2 centaurs (D:11)
  12 wolves (Lair:1)
  16 crocodiles
  5 big kobolds
  5 gnoll sergeants
  9 bullfrogs
  A wyvern skeleton (D:7)
  A scorpion (shapeshifter) (Gauntlet)
  2 scorpions
  Dowan (D:7)
  3 killer bees (D:11)
  4 wights (D:10)
  4 howler monkeys
  A bullfrog zombie (D:6)
  6 crimson imps
  A centaur zombie (D:6)
  A quasit (D:11)
  6 hounds
  5 orc priests
  3 jellies
  Crazy Yiuf (D:5)
  4 iguanas
  8 worker ants
  8 orc wizards
  2 killer bee zombies
  A hound zombie (D:7)
  A hound skeleton (D:7)
  A worker ant zombie (D:11)
  21 gnolls
  24 adders
  3 shadow imps
  12 white imps (Lair:2)
  7 oozes
  2 adder skeletons
  3 worms (Sewer)
  3 dart slugs
  8 leopard geckos
  24 orcs
  2 ball pythons
  A giant cockroach (Sewer)
  4 goblins
  7 hobgoblins
  14 jackals
  4 quokkas
  12 bats
  12 frilled lizards
  8 kobolds
  A leopard gecko skeleton (D:5)
  A quokka skeleton (D:5)
  3 rats
435 creatures vanquished.

Vanquished Creatures (collateral kills)
  A yak (D:10)
  A crimson imp (D:10)
2 creatures vanquished.

Vanquished Creatures (others)
  An orc wizard (D:5)
  A bush (Lair:4)
  38 fungi
  39 plants (Lair:4)
  4 toadstools (D:11)
83 creatures vanquished.

Grand Total: 520 creatures vanquished

Notes
Turn   | Place    | Note
-------+----------+-------------------------------------------
     0 | D:1      | Anon1729 the Vampire Monk began the quest for the Orb.
     0 | D:1      | Reached XP level 1. HP: 17/17 MP: 1/1
   425 | D:1      | Reached XP level 2. HP: 22/23 MP: 2/2
  1096 | D:2      | Reached XP level 3. HP: 28/28 MP: 3/3
  1529 | D:3      | Reached XP level 4. HP: 16/35 MP: 4/4
  1687 | D:3      | Found a glowing drain.
  1698 | Sewer    | Entered a sewer
  2782 | Sewer    | Reached XP level 5. HP: 22/41 MP: 5/5
  4457 | D:5      | Entered Level 5 of the Dungeon
  4497 | D:5      | Reached skill level 5 in Dodging
  4561 | D:5      | Reached skill level 5 in Stealth
  4565 | D:5      | Reached XP level 6. HP: 33/47 MP: 6/6
  5250 | D:5      | Reached skill level 5 in Long Blades
  5493 | D:5      | Reached XP level 7. HP: 11/53 MP: 7/7
  5970 | D:5      | Found a runed translucent door.
  5971 | D:5      | Noticed Crazy Yiuf
  6075 | D:5      | Killed Crazy Yiuf
  6875 | D:6      | Reached XP level 8. HP: 34/60 MP: 8/8
  7346 | D:6      | Found a staircase to the Ecumenical Temple.
  7418 | Temple   | Entered the Ecumenical Temple
  7452 | Temple   | Became a worshipper of Warmaster Okawaru
  7452 | Temple   | Reached * piety under Okawaru
  7452 | Temple   | Reached ** piety under Okawaru
  8336 | D:7      | Reached skill level 1 in Invocations
  8357 | D:7      | Noticed Dowan
  8395 | D:7      | Killed Dowan
  8561 | D:7      | Noticed Pikel
  8593 | D:7      | Killed Pikel
  8593 | D:7      | Reached *** piety under Okawaru
  8593 | D:7      | Reached skill level 5 in Fighting
  8593 | D:7      | Reached XP level 9. HP: 27/68 MP: 10/10
  8988 | D:7      | Noticed Duvessa
  9042 | D:7      | Killed Duvessa
 10622 | D:9      | Noticed a gargoyle
 10947 | D:9      | You fall through a shaft!
 10947 | D:10     | Entered Level 10 of the Dungeon
 10948 | D:10     | Noticed a gargoyle
 10974 | D:10     | Killed a gargoyle
 11087 | D:10     | Reached XP level 10. HP: 75/76 MP: 12/12
 11271 | D:10     | Reached **** piety under Okawaru
 11518 | D:10     | Noticed a two-headed ogre
 12428 | D:9      | Noticed a cyan ugly thing
 12469 | D:10     | Reached skill level 10 in Dodging
 12469 | D:10     | Reached skill level 10 in Stealth
 12511 | D:10     | Killed a two-headed ogre
 12867 | D:10     | Found a staircase to the Orcish Mines.
 12880 | D:10     | Reached ***** piety under Okawaru
 13071 | D:10     | Reached XP level 11. HP: 52/83 MP: 14/14
 13493 | D:10     | Reached skill level 10 in Long Blades
 14797 | D:11     | Reached skill level 5 in Invocations
 14938 | D:11     | Noticed a red ugly thing
 15854 | D:11     | Noticed an unseen horror
 15888 | D:11     | Killed an unseen horror
 15888 | D:11     | Received a gift from Okawaru
 15895 | D:11     | Noticed a five-headed hydra
 16676 | D:11     | Found a blossoming altar of Fedhas.
 16729 | D:11     | Found a staircase to the Lair.
 16779 | D:11     | Found a runed translucent door.
 16779 | D:11     | Noticed a yaktaur captain
 16779 | D:11     | Noticed a sphinx
 16779 | D:11     | Noticed a deep troll earth mage
 16781 | D:11     | Noticed an orb spider
 16781 | D:11     | Noticed a deep troll earth mage
 16781 | D:11     | Noticed a frost giant
 16781 | D:11     | Noticed a deep troll earth mage
 16781 | D:11     | Noticed a deep troll
 16827 | Lair:1   | Entered Level 1 of the Lair of Beasts
 16892 | Lair:1   | Found a gate leading to a gauntlet.
 16919 | Lair:1   | Noticed Joseph
 17092 | Gauntlet | Entered a Gauntlet
 17092 | Gauntlet | Found a transporter.
 17097 | Gauntlet | Found a transporter.
 17100 | Gauntlet | Found a transporter.
 17102 | Gauntlet | Noticed a fire crab
 17110 | Gauntlet | Found a transporter.
 17112 | Gauntlet | Found a transporter.
 17114 | Gauntlet | Noticed a white ugly thing
 17115 | Gauntlet | Noticed a blizzard demon
 17117 | Gauntlet | Noticed a glowing orange brain
 17122 | Gauntlet | Found a transporter.
 17139 | Gauntlet | Found a transporter.
 17148 | Gauntlet | Found a runed translucent gate.
 17149 | Gauntlet | Found a transporter.
 17149 | Gauntlet | Found a runed translucent gate.
 17150 | Gauntlet | Found a runed translucent gate.
 17152 | Gauntlet | Noticed a death ooze
 17159 | Gauntlet | Found a transporter.
 17174 | Gauntlet | Found a transporter.
 17174 | Gauntlet | Found a transporter.
 17176 | Gauntlet | Found a transporter.
 17177 | Gauntlet | Noticed a wizard
 17202 | Gauntlet | Found a transporter.
 17215 | Gauntlet | Noticed a lindwurm
 17215 | Gauntlet | a cyclops changed into a lindwurm
 17221 | Gauntlet | Found a transporter.
 17226 | Gauntlet | Noticed a shock serpent
 17226 | Gauntlet | a lindwurm changed into a shock serpent
 17301 | Gauntlet | Noticed a glowing orange brain
 17317 | Gauntlet | Noticed an ice dragon
 17317 | Gauntlet | a snapping turtle changed into an ice dragon
 17326 | Gauntlet | Killed a glowing orange brain
 17336 | Gauntlet | Killed an ice dragon
 17897 | Gauntlet | Learned a level 2 spell: Blink
 17900 | Gauntlet | Learned a level 2 spell: Call Imp
 17904 | Gauntlet | Got a wavering amethyst amulet
 18083 | Gauntlet | Noticed a minotaur
 18500 | Gauntlet | Identified the Tome of Feathers and Clay
 18519 | Lair:1   | Identified the amulet "Jiudd" {Gourm rN+ Dex+2} (You found
                  | it in a Gauntlet)
 18833 | Lair:1   | Reached XP level 12. HP: 69/91 MP: 9/16
 19346 | Lair:1   | Noticed Erica
 19623 | Lair:1   | Killed Joseph
 19775 | Lair:1   | Killed Erica
 19775 | Lair:1   | Reached skill level 1 in Summonings
 19859 | Lair:1   | Reached skill level 1 in Spellcasting
 19943 | Lair:1   | Reached skill level 1 in Translocations
 20141 | Lair:1   | HP: 3/91 [yak (8)]
 21155 | Lair:1   | Noticed Sonja
 21282 | Lair:1   | Noticed Prince Ribbit
 21310 | Lair:1   | Killed Prince Ribbit
 21310 | Lair:1   | Received a gift from Okawaru
 22304 | Lair:2   | Found a shadowy altar of Dithmenos.
 22502 | Lair:2   | Found a frozen archway.
 22698 | Lair:2   | Found a staircase to the Snake Pit.
 22744 | Lair:2   | You fall through a shaft!
 23722 | Lair:3   | Received a gift from Okawaru
 24114 | Lair:4   | Noticed a death yak
 24124 | Lair:4   | Noticed a death yak
 24131 | Lair:4   | Noticed a death yak
 24136 | Lair:4   | Noticed a death yak
 24140 | Lair:4   | Noticed a death yak
 24372 | Lair:4   | Found a staircase to the Swamp.
 24450 | Lair:4   | Reached XP level 13. HP: 28/98 MP: 7/17
 24706 | Lair:4   | Found a blossoming altar of Fedhas.
 25584 | Lair:4   | Received a gift from Okawaru
 26107 | Lair:5   | Found a staircase to the Slime Pits.
 26460 | Lair:4   | Slain by a death yak

Levels and vault maps discovered:
D:1:      evilmike_arrival_hilbert_curve, layout_loops_corners
D:2:      layout_loops_ring, chequers_ecumenical_altar_grove,
          minmay_tetromino_o2
D:3:      layout_loops_ring, portal_sewer_entry_d, minmay_liquid_box,
          serial_bayou_pond_a, minmay_unequal
D:4:      layout_cave_pods, first_ration
D:5:      layout_basic, uniq_crazy_yiuf_cottage
D:6:      layout_loops_ring, minmay_temple_entry_poolview
D:7:      layout_basic, uniq_duvessa, uniq_pikel
D:8:      layout_basic
D:9:      layout_irregular_city, lemuel_coloured_pillars_altar, serial_shops,
          nicolae_shop_statue_plus
D:10:     layout_loops_ring, kennysheep_orc_monster_closet_entryway, the_bakery
D:11:     minmay_gate_of_8, layout_rooms, minmay_gold_behind_fungi,
          fedhas_altar_1
Temple:   nicolae_temple_the_god_donut
Lair:1:   layout_long_grid, gauntlet_entry_generic,
          chequers_serial_rivers_micro_e, beast_lair_carwin_5,
          grunt_megastairs_1, lemuel_fruit_tree, uniq_prince_ribbit2,
          uniq_erica, uniq_sonja, uniq_joseph
Lair:2:   layout_concentric_octagons, dummy_snake_entry, basic_altar,
          portal_ice_cave_entry_imps
Lair:3:   layout_hall_layers, st_stairs_12, grunt_megastairs_4
Lair:4:   minmay_lair_venomous_thicket, layout_loops_ring, swamp_mist,
          basic_altar, columned_hall_lemuel, minmay_lair_oklob_chamber
Lair:5:   layout_cave_shapes, minmay_slime_entry_oklob_open

Skill      XL: |  1  2  3  4  5  6  7  8  9 10 11 12 13 |
---------------+----------------------------------------+-----
Fighting       | 3 4 5 6 7 8 |  8.5
Dodging        | 4 5 6 8 9 10 12 13 | 13.4
Stealth        | 4 5 6 8 9 10 11 12 13 | 13.3
Long Blades    | 4 5 6 7 8 9 11 12 | 12.4
Invocations    | 2 3 4 5 6 7 |  7.1
Summonings     | 3 4 |  4.1
Spellcasting   | 2 3 |  3.8
Translocations | 2 3 |  3.5

Action                   |  1- 3 |  4- 6 |  7- 9 | 10-12 | 13-15 || total
-------------------------+-------+-------+-------+-------+-------++-------
Melee: Falchion          |    78 |   130 |       |       |       ||   208
       Bite              |    12 |    38 |    74 |   200 |    42 ||   366
       Unarmed           |       |    24 |       |     1 |       ||    25
       Long sword        |       |   135 |   425 |   357 |       ||   917
       Punch             |       |       |       |    13 |       ||    13
       Scimitar          |       |       |       |   505 |       ||   505
       Great sword       |       |       |       |   155 |   217 ||   372
Throw: Javelin           |       |       |       |     3 |     1 ||     4
Invok: Heroism           |       |       |     2 |    21 |     4 ||    27
       Finesse           |       |       |       |     6 |     3 ||     9
 Abil: Bat Form          |       |     4 |     3 |     3 |     1 ||    11
       End Transformatio |       |     3 |     2 |     3 |       ||     8
       Evoke Berserk Rag |       |       |     8 |    12 |       ||    20
Evoke: Wand              |       |     1 |     2 |     2 |       ||     5
       Phial of floods   |       |       |       |     1 |       ||     1
  Use: Potion            |     7 |    11 |    20 |    46 |     6 ||    90
       Scroll            |       |     3 |     5 |     9 |       ||    17
 Stab: Sleeping          |     9 |     9 |    21 |    15 |     2 ||    56
       Confused          |       |     2 |       |     3 |       ||     5
       Distracted        |       |       |     1 |     3 |     3 ||     7
  Eat: Corpse            |     1 |     2 |     4 |     8 |     2 ||    17
Armor: Robe              |     4 |    51 |    55 |    92 |    16 ||   218
Dodge: Dodged            |    46 |   284 |   398 |  1065 |   136 ||  1929
       Rpst.: Falchion   |    14 |    48 |       |       |       ||    62
       Long sword        |       |    38 |   103 |    72 |       ||   213
       Scimitar          |       |       |       |   167 |       ||   167
       Great sword       |       |       |       |    55 |    41 ||    96

Table legend:
 A = Non-vault XP
 B = Vault XP
 C = Vault XP percentage of total XP
 D = Non-vault monster count
 E = Vault monster count
 F = Vault count percentage of total count
                 A         B        C        D         E       F
            +---------+---------+-------+---------+---------+-------
      Total |   41991 |   12050 |  22.3 |     332 |     102 |  23.5
            +---------+---------+-------+---------+---------+-------
        D:1 |      21 |       0 |   0.0 |      11 |       0 |   0.0
        D:2 |      53 |       2 |   3.6 |      11 |       1 |   8.3
        D:3 |      54 |      28 |  34.1 |      19 |       3 |  13.6
        D:4 |      64 |       0 |   0.0 |       6 |       0 |   0.0
        D:5 |     776 |      37 |   4.6 |      31 |       1 |   3.1
        D:6 |     478 |       0 |   0.0 |      14 |       0 |   0.0
        D:7 |    1121 |     852 |  43.2 |      37 |       3 |   7.5
        D:8 |     989 |       0 |   0.0 |      17 |       0 |   0.0
        D:9 |     242 |       0 |   0.0 |       3 |       0 |   0.0
       D:10 |    5928 |    2127 |  26.4 |      48 |      21 |  30.4
       D:11 |    3988 |       0 |   0.0 |      39 |       0 |   0.0
     Lair:1 |    6554 |    3904 |  37.3 |      33 |      14 |  29.8
     Lair:2 |    1653 |     515 |  23.8 |       8 |      13 |  61.9
     Lair:3 |    3694 |      88 |   2.3 |      18 |       1 |   5.3
     Lair:4 |   15138 |    2637 |  14.8 |      32 |      16 |  33.3
     Lair:5 |    1238 |       0 |   0.0 |       5 |       0 |   0.0
      Sewer |       0 |      82 | 100.0 |       0 |      26 | 100.0
   Gauntlet |       0 |    1778 | 100.0 |       0 |       3 | 100.0
            +---------+---------+-------+---------+---------+-------
